 Dungeon Crawl Stone Soup version 0.29-a0-284-gf9362112df (webtiles) character file.

Game seed: 4182638197809966754

20 epen the Archer (level 2, -6/26 HPs)
             Began as a Gnoll Hunter on Mar 14, 2022.
             Mangled by Sigmund
             ... wielding a +4 scythe of protection
              (7 damage)
             ... on level 2 of the Dungeon.
             The game lasted 00:00:53 (919 turns).

epen the Archer (Gnoll Hunter)                       Turns: 919, Time: 00:00:54

Health: -6/26      AC:  3    Str: 10    XL:     2   Next: 79%
Magic:  2/2        EV: 13    Int:  8    God:
Gold:   54         SH:  0    Dex: 15    Spells: 2/2 levels left

rFire   . . .      SeeInvis .   a - +1 shortbow
rCold   . . .      Faith    .   (shield currently unavailable)
rNeg    . . .      Spirit   .   b - +0 leather armour
rPois   .          Reflect  .   (no helmet)
rElec   .          Harm     .   (no cloak)
rCorr   .          Rampage  .   (no gloves)
Will    .....                   (no boots)
Stlth   +.........              (no amulet)
HPRegen 0.08/turn               (no ring)
MPRegen 0.08/turn               (no ring)

@: confused
A: fangs 1, strong nose, distributed training
a: no special abilities


You were on level 2 of the Dungeon.
You visited 1 branch of the dungeon, and saw 2 of its levels.

You collected 54 gold pieces.

Inventory:

Hand Weapons
 a - a +1 shortbow (weapon)
Armour
 b - a +0 leather armour (worn)
Scrolls
 c - 2 scrolls of immolation
 d - a scroll of blinking {unknown}
 j - a scroll of vulnerability {unknown}
 k - a scroll of identify {unknown}
 l - a scroll of fog {unknown}
Potions
 e - a potion of flight {unknown}
 f - a potion of heal wounds {unknown}
 g - a potion of degeneration {unknown}
 h - a potion of attraction {unknown}
 i - a potion of brilliance {unknown}


   Skills:
 + Level 4.5 Fighting
 + Level 0.5 Short Blades
 + Level 0.5 Long Blades
 + Level 0.5 Axes
 + Level 0.5 Maces & Flails
 + Level 0.5 Polearms
 + Level 0.5 Staves
 + Level 0.5 Slings
 + Level 8.5 Bows
 + Level 0.5 Crossbows
 + Level 0.5 Throwing
 + Level 0.5 Armour
 + Level 4.5 Dodging
 + Level 2.3 Stealth
 + Level 0.5 Shields
 + Level 0.5 Unarmed Combat
 + Level 0.5 Spellcasting
 + Level 0.3 Conjurations
 + Level 0.3 Hexes
 + Level 0.3 Summonings
 + Level 0.3 Necromancy
 + Level 0.3 Translocations
 + Level 0.3 Transmutations
 + Level 0.3 Fire Magic
 + Level 0.3 Ice Magic
 + Level 0.3 Air Magic
 + Level 0.3 Earth Magic
 + Level 0.3 Poison Magic
 + Level 0.6 Invocations
 + Level 0.5 Evocations


You had 2 spell levels left.
You didn't know any spells.
Your spell library was empty.

Dungeon Overview and Level Annotations

Branches:
Dungeon (2/15)

Altars:

Annotations:
D:2 Sigmund


Innate Abilities, Weirdness & Mutations

You have very sharp teeth.
Your uncanny sense of smell can sniff out nearby items.
Your experience applies equally to all skills.


Message History

The quokka completely misses you.
Shoot: a) +1 shortbow
Press: ? - help, Shift-Dir - straight line, f/p - Sigmund
Aim: Sigmund, wielding a +4 scythe of protection and wearing a +0 robe (almost dead, 63% to hit)
You shoot an arrow. The arrow hits Sigmund.
Sigmund is almost dead.
Sigmund casts a spell at you. You resist with significant effort.
The quokka misses you.
Shoot: a) +1 shortbow
Press: ? - help, Shift-Dir - straight line, f/p - Sigmund
Aim: Sigmund, wielding a +4 scythe of protection and wearing a +0 robe (almost dead, 63% to hit)
You shoot an arrow. The arrow closely misses Sigmund.
The quokka bites you. Sigmund barely misses you. The quokka bites you.
Shoot: a) +1 shortbow
Press: ? - help, Shift-Dir - straight line, f/p - Sigmund
Aim: Sigmund, wielding a +4 scythe of protection and wearing a +0 robe (almost dead, 63% to hit)
You shoot an arrow. The arrow closely misses Sigmund.
Sigmund closely misses you. The quokka bites you.
* * * LOW HITPOINT WARNING * * *
Shoot: a) +1 shortbow
Press: ? - help, Shift-Dir - straight line, f/p - Sigmund
Aim: Sigmund, wielding a +4 scythe of protection and wearing a +0 robe (almost dead, 63% to hit)
You shoot an arrow.
The arrow hits Sigmund but does no damage.
Sigmund is almost dead.
The quokka misses you.
Sigmund gestures wildly while chanting.
Sigmund flickers and vanishes!
Deactivating autopickup; reactivate with Ctrl-A.
Shoot: a) +1 shortbow
Press: ? - help, Shift-Dir - straight line You shoot an arrow.
The quokka bites you.
* * * LOW HITPOINT WARNING * * *
You hear some strange, mumbled words.
You are confused.
You shoot an arrow. The arrow closely misses the quokka.
The quokka bites you.
* * * LOW HITPOINT WARNING * * *
The quokka bites you but does no damage.
Something hits you!
You die...

...............
###........##...#.. . #
#.###..#.##...#.# .#
###.# #..#.##...#.##.
.(#.###....##...#...
#.#................ ∆
.......#..##...#.# #
..####.#...#...#.#..##.
.. #.#.......@r......
#.#.........#..... ∆
#.#.#.#...#.{.....
..........###.....
###.......# ...#
#.#.....# ..# #.#.....#
.# #.#.#...# ..


You could see a quokka.

Vanquished Creatures
  A dart slug (D:1)
  3 endoplasms (D:1)
  4 kobolds
  2 quokkas (D:1)
  A bat (D:1)
  A frilled lizard (D:1)
  4 goblins
16 creatures vanquished.

Notes
Turn   | Place    | Note
-------+----------+-------------------------------------------
     0 | D:1      | epen the Gnoll Hunter began the quest for the Orb.
     0 | D:1      | Reached XP level 1. HP: 20/20 MP: 1/1
   247 | D:1      | Reached XP level 2. HP: 26/26 MP: 2/2
   899 | D:2      | Noticed Sigmund
   919 | D:2      | HP: 1/26 [quokka (3)]
   919 | D:2      | Mangled by Sigmund

Illustrated notes

Levels and vault maps discovered:
D:1:      matt_arrival_grand_opening, layout_loops_ring, nrook_mini_backslash,
          st_stairs_7
D:2:      layout_basic, ebering_ecumenical_altar_petrified,
          roderic_nine_men_s_morris, uniq_sigmund

Action                   || total
-------------------------++-------
 Fire: Shortbow          ||    52
Armor: Leather armour    ||     3
Dodge: Dodged            ||    14

Table legend: (Time is in decaauts)
 A = Elapsed time spent in this place.
 B = Non-inter-level travel time spent in this place.
 C = Inter-level travel time spent in this place.
 D = Time resting spent in this place.
 E = Time spent auto-exploring this place.
 F = Levels seen in this place.
 G = Mean time per level.
                   A        B        C        D        E       F      G
               +--------+--------+--------+--------+--------+-----+--------+
         Total |    924 |    878 |     46 |      0 |    776 |   2 |  462.0 |
       Dungeon |    924 |    878 |     46 |      0 |    776 |   2 |  462.0 |
               +--------+--------+--------+--------+--------+-----+--------+

Top non-repeatable levels by time:
     D:1: 755 daAuts
     D:2: 169 daAuts
